 Dungeon Crawl Stone Soup version 0.31-a0-271-gb88eb75e06 (webtiles) character file.

Game seed: 6449536869860664815

84 Evalya the Chiller (level 4, 0/35 HPs)
             Began as a Ghoul Ice Elementalist on July 12, 2023.
             Slain by a gnoll
             ... wielding a +0 flail
              (6 damage)
             ... on level 2 of the Dungeon on July 15, 2023.
             The game lasted 00:34:30 (2340 turns).

Evalya the Chiller (Ghoul Ice Elementalist)         Turns: 2340, Time: 00:34:30

Health: 0/35       AC:  9    Str: 13    XL:     4   Next: 45%
Magic:  5/5        EV:  6    Int: 10    God:
Gold:   42         SH:  0    Dex:  9    Spells: 5/6 levels left

rFire   . . .        e - +0 short sword
rCold   + . .        (no shield)
rNeg    + + +        d - +0 chain mail
rPois   ∞            (no helmet)
rElec   .            k - +0 cloak
rCorr   .            (no gloves)
SInv    .            (no boots)
Will    .....        (no amulet) Stlth
                     (no ring)
HPRegen 0.00/turn    (no ring)
MPRegen 0.09/turn

%: no passive effects
@: inhibited regen
A: claws 1, cold resistance 1, negative energy resistance 3, inhibited
regeneration, torment resistance 2, devour on kill
a: no special abilities


You were on level 2 of the Dungeon.
You visited 1 branch of the dungeon, and saw 3 of its levels.

You collected 42 gold pieces.

Inventory:

Hand Weapons
 e - a +0 short sword (weapon)
Missiles
 g - 9 stones
 j - 4 boomerangs
Armour
 a - a +0 leather armour
 d - a +0 chain mail (worn)
 k - a +0 cloak (worn)
Scrolls
 i - 2 scrolls of torment
Potions
 b - a potion of magic


   Skills:
 * Level 1.0 Fighting
 + Level 1.3 Short Blades
 + Level 1.0 Throwing
 + Level 0.1 Armour
 + Level 2.0 Dodging
 + Level 2.3 Stealth
 + Level 0.3 Unarmed Combat
 + Level 1.9 Spellcasting
 + Level 5.0 Ice Magic
 + Level 0.6 Evocations


You had 5 spell levels left.
You knew the following spells:

 Your Spells              Type           Power      Damage    Failure   Level
a - Freeze                Ice            44%        1d6       67%         1

Your spell library contained the following spells:

 Spells                   Type           Power      Damage    Failure   Level
 Frozen Ramparts          Ice            22%        1d4       95%         3
 Ozocubu's Armour         Ice            11%        N/A       95%         3
 Summon Small Mammal      Summ           0%         N/A       100%        1
 Call Canine Familiar     Summ           0%         N/A       100%        3
 Hailstorm                Conj/Ice       6%         3d4       100%        3
 Summon Guardian Golem    Hex/Summ       0%         N/A       100%        3
 Summon Ice Beast         Ice/Summ       6%         N/A       100%        4
 Simulacrum               Ice/Necr       3%         N/A       100%        6


Dungeon Overview and Level Annotations

Branches:
Dungeon (3/15)

Altars:
Kikubaaqudgha

Shops:
D:2 (

Annotations:
D:2 1 transporter


Innate Abilities, Weirdness & Mutations

You are immune to poison.
You have sharp fingernails.
Your flesh is cold resistant. (rC+)
You are immune to negative energy. (rN+++)
You do not regenerate when monsters are visible.
You are immune to unholy pain and torment.
You thrive by killing the living.


Message History

The gnoll hits you but does no damage.
You now have 42 gold pieces (gained 12).
The gnoll barely misses you.
Throw: dart (poison)
Press: ? - help, Q - select action, (/) - cycle Shift-Dir - straight line, f/p - gnoll
Aim: a gnoll, wielding a +0 halberd and wearing a +0 ring mail (57% to hit)
You throw a poisoned dart. The poisoned dart hits the gnoll.
The gnoll is poisoned.
The gnoll hits you from afar with a +0 halberd.
Your magical contamination has completely faded away.
The gnoll looks more healthy.
The gnoll hits you from afar with a +0 halberd.
A hobgoblin comes into view.
The hobgoblin shouts!
You aren't carrying any items that you can evoke.
Hit: e) +0 short sword
Press: ? - help, Dir - move target, f - you, p - gnoll
Okay, then.
Press: ? - help, . - travel You can't see that place.
Unknown command.
Press: ? - help, v - describe, . - travel A rock wall.
Found a stone staircase leading down.
Found a transporter.
Found Janulitt's Antique Weapon Boutique.
There is a transporter landing site here.
Unknown command.
There are no items here.
As you read the scroll labelled WUUDUI UNUR, it crumbles to dust.
You feel a surge of unholy energy.
The gnoll convulses! x2
The hobgoblin convulses!
It was a scroll of torment.
The gnoll barely misses you.
It was a potion of cancellation.
You feel magically purged.
The gnoll hits you from afar with a +0 halberd.
You hit the gnoll but do no damage.
The gnoll is heavily wounded.
The gnoll hits you from afar with a +0 halberd!
* * * LOW HITPOINT WARNING * * *
The gnoll hits you with a +0 flail.
You die...

*,©,**,,,,,,,,,*
#####*,****,****
#.©.#*,* *,*******
#...#*,****,,,,,,,,
#.∩.#*,*,,,,*******
#...##.#,,,,,,,,,,,
#.©.##.#,...#******
######.##.#.#
#.@.##.##.#.#
#.g.##.##...#####**
#.gg##.##.......,,,
##..##........###**
##..............,,
#.##g.......#****
*#.##.##...#.#
*.....##...#.#####
#..#####g.##...<.#


You could see 2 gnolls and a hobgoblin.

Vanquished Creatures
  3 adders (D:2)
  2 gnolls (D:2)
  A worm (D:2)
  A dart slug (D:2)
  An orc (D:2)
  2 ball pythons
  2 bats
  5 endoplasms
  A giant cockroach (D:1)
  4 goblins (D:1)
  3 kobolds
  2 quokkas (D:2)
  A frilled lizard (D:1)
  3 rats
31 creatures vanquished.

Notes
Turn   | Place    | Note
-------+----------+-------------------------------------------
     0 | D:1      | Evalya the Ghoul Ice Elementalist began the quest for the
                  | Orb.
     0 | D:1      | Reached XP level 1. HP: 14/14 MP: 2/2
   289 | D:1      | Reached XP level 2. HP: 17/20 MP: 3/3
   289 | D:1      | Upgraded the game from 0.31-a0-246-g8cbcc1cb85 to
                  | 0.31-a0-263-ge8cad7f256
  1208 | D:2      | Reached skill level 5 in Ice Magic
  1208 | D:2      | Reached XP level 3. HP: 23/27 MP: 4/4
  1524 | D:1      | Upgraded the game from 0.31-a0-263-ge8cad7f256 to
                  | 0.31-a0-271-gb88eb75e06
  1632 | D:1      | Reached skill level 1 in Fighting
  1928 | D:2      | Reached skill level 1 in Short Blades
  2063 | D:2      | Reached skill level 1 in Throwing
  2063 | D:2      | Reached XP level 4. HP: 14/35 MP: 5/5
  2090 | D:2      | Found an ancient bone altar of Kikubaaqudgha.
  2160 | D:2      | Found a faded altar of an unknown god.
  2333 | D:2      | Found a transporter.
  2334 | D:2      | Found Janulitt's Antique Weapon Boutique.
  2340 | D:2      | Slain by a gnoll

Illustrated notes

Levels and vault maps discovered:
D:1:      minmay_arrival_diagonal_passages, layout_basic, dk_noncrumbling_3
D:2:      layout_loops_ring, serial_shops, nicolae_shop_drivethru,
          basic_ecumenical_altar, basic_altar
D:3:      cheibrodos_fertilizer, layout_loops_corners,
          mainiacjoe_overflow_alcove_3, cheibrodos_sewer_entry_bend,
          hellmonk_no_cap

Skill      XL: |  1  2  3  4 |
---------------+-------------+-----
Ice Magic      | 5 |  5.0
Fighting       | 1 |  1.0
Short Blades   | 1 |  1.3
Throwing       | 1 |  1.0
Dodging        | 2 |  2.0
Armour         | |  0.1
Stealth        | |  2.3
Unarmed Combat | |  0.3
Spellcasting   | |  1.9
Evocations     | |  0.6

Action                     |  1- 3 |  4- 6 || total
---------------------------+-------+-------++-------
  Melee: Unarmed           |     8 |       ||     8
         Short sword       |   137 |    41 ||   178
         Punch             |     1 |       ||     1
  Throw: Dart              |    11 |     3 ||    14
   Cast: Freeze            |     5 |       ||     5
  Evoke: Wand              |     4 |     3 ||     7
    Use: Scroll            |     4 |     1 ||     5
         Potion            |       |     1 ||     1
 Armour: Robe              |     9 |       ||     9
         Chain mail        |    70 |    24 ||    94
  Dodge: Dodged            |    57 |    15 ||    72

Table legend: (Time is in decaauts)
 A = Elapsed time spent in this place.
 B = Non-inter-level travel time spent in this place.
 C = Inter-level travel time spent in this place.
 D = Time resting spent in this place.
 E = Time spent auto-exploring this place.
 F = Levels seen in this place.
 G = Mean time per level.
                   A        B        C        D        E       F      G
               +--------+--------+--------+--------+--------+-----+--------+
         Total |   2332 |   2229 |    103 |   1000 |     30 |   3 |  777.3 |
       Dungeon |   2332 |   2229 |    103 |   1000 |     30 |   3 |  777.3 |
               +--------+--------+--------+--------+--------+-----+--------+

Top non-repeatable levels by time:
     D:1: 1390 daAuts
     D:2: 898 daAuts
     D:3: 42 daAuts
